 Dungeon Crawl Stone Soup version 0.23.2-11-gf996548c65 (webtiles) character file.

Game seed: 11284333869626283216

72 troglodite the Grave Robber (level 4, -2/30 HPs)
             Began as a Demonspawn Necromancer on June 4, 2019.
             Killed from afar by Sigmund (3 damage)
             ... with a puff of flame
             ... on level 2 of the Dungeon.
             The game lasted 00:08:06 (2603 turns).

troglodite the Grave Robber (DsNe)                  Turns: 2603, Time: 00:08:06

Health: -2/30      AC:  2    Str:  8    XL:     4   Next: 6%
Magic:  7/7        EV: 12    Int: 16    God:
Gold:   136        SH:  0    Dex: 15    Spells: 3/7 levels left

rFire    + . .     SeeInvis .   f - +0 dagger
rCold    + . .     Gourm    .   (no shield)
rNeg     . . .     Faith    .   a - +0 robe
rPois    +         Spirit   .   (no helmet)
rElec    +         Reflect  .   (no cloak)
rCorr    +         Harm     .   (no gloves)
MR       .....                  (no boots)
Stlth    ++........             (no amulet)
HPRegen  0.10/turn              (no ring)
MPRegen  0.10/turn              (no ring)

@: resistant, berserk cooldown, slowed, very slow
A: talons 1, powered by death 1
a: no special abilities


You were on level 2 of the Dungeon.
You were not hungry.

You visited 1 branch of the dungeon, and saw 2 of its levels.

You collected 136 gold pieces.

Inventory:

Hand Weapons
 f - a +0 dagger (weapon)
 i - a +0 hunting sling
Missiles
 l - 41 stones (quivered)
Armour
 a - a +0 robe (worn)
Scrolls
 d - 4 scrolls of identify {unknown}
 g - 2 scrolls of noise {unknown}
 j - a scroll of magic mapping {unknown}
 k - a scroll of remove curse {unknown}
 o - a scroll of teleportation {unknown}
Potions
 h - a potion of heal wounds {unknown}
 m - 2 potions of curing {unknown}
 n - a potion of invisibility {unknown}
Comestibles
 c - 3 rations
 p - 2 chunks of flesh


   Skills:
 + Level 0.2 Fighting
 + Level 1.0 Short Blades
 * Level 2.0 Dodging
 * Level 2.1 Stealth
 * Level 2.3 Spellcasting
 * Level 0.2 Charms
 * Level 5.3 Necromancy


You had 3 spell levels left.
You knew the following spells:

 Your Spells              Type           Power        Failure   Level  Hunger
a - Pain                  Necr           ###.         2%          1    #......
b - Regeneration          Chrm/Necr      ##........   19%         3    ###....

Your spell library contained the following spells:

 Spells                   Type           Power        Failure   Level  Hunger
 Animate Skeleton         Necr           N/A          2%          1    #......
 Vampiric Draining        Necr           ###.......   7%          3    ###....
 Animate Dead             Necr           N/A          22%         4    #####..


Dungeon Overview and Level Annotations

Branches:
Dungeon (2/15)

Altars:

Annotations:
D:2 Sigmund


Innate Abilities, Weirdness & Mutations

You have sharp toenails.
You regenerate a little health from kills.


Message History

Sigmund casts a spell.
Sigmund flickers and vanishes!
Deactivating autopickup; reactivate with Ctrl-A.
Something hits you. Something closely misses you.
You stop sporulating.
Your +0 dagger unmelds from your body.
Your +0 robe unmelds from your body.
You feel less confused. Something hits you but does no damage.
Something hits you.
You hear a zap.
Something tries to affect you, but you resist.
Something hits you!
* * * LOW HITPOINT WARNING * * *
You see here a +0 club.
There is a stone staircase leading up here.
You hear some strange, mumbled words.
A puff of flame appears from out of thin air!
The puff of flame hits you. You resist.
You die...

.................##...##....)....
..........##....##...##..........
.......#.......##...##.....###...
..#...........''.8.++......# ...
...............##...##...#.......
......##....#...##...##..#####...
..............)..##...##. .
......##.#........##.8.## .
................@..##+##
.....##.........).#......
#.#..##...........####....
..................####...#
###.......##.............#
..........##......#......# .....
####......##......#......# .....
..>......................##.....
...........##.###.#..........#..


There were no monsters in sight!

Vanquished Creatures
  An adder (D:2)
  2 oozes (D:1)
  A worm (D:2)
  A leopard gecko (D:2)
  A ball python (D:2)
  5 bats
  2 giant cockroaches (D:1)
  7 goblins
  6 hobgoblins
  6 jackals (D:2)
  7 kobolds
  A frilled lizard (D:2)
  A quokka skeleton (D:2)
  6 rats
47 creatures vanquished.

Notes
Turn   | Place    | Note
-------+----------+-------------------------------------------
     0 | D:1      | troglodite the Demonspawn Necromancer began the quest for
                  | the Orb.
     0 | D:1      | Reached XP level 1. HP: 13/13 MP: 3/3
   393 | D:1      | Gained mutation: You have sharp toenails. [demonic
                  | ancestry]
   393 | D:1      | Reached XP level 2. HP: 18/19 MP: 1/5
   560 | D:1      | Reached skill level 5 in Necromancy
   858 | D:1      | Reached XP level 3. HP: 20/24 MP: 0/6
  1380 | D:1      | Learned a level 3 spell: Regeneration
  1395 | D:2      | Reached skill level 1 in Short Blades
  2340 | D:2      | Gained mutation: You regenerate a little health from kills.
                  | [demonic ancestry]
  2340 | D:2      | Reached XP level 4. HP: 27/30 MP: 3/7
  2552 | D:2      | Noticed Sigmund
  2600 | D:2      | HP: 1/30 [something (11)]
  2603 | D:2      | Killed from afar by Sigmund

Skill      XL: |  1  2  3 |
---------------+----------+-----
Necromancy     | 5 |  5.3
Dodging        | 2 |  2.0
Stealth        | 2 |  2.1
Short Blades   | 1 |  1.0
Fighting       | |  0.2
Spellcasting   | |  2.3
Charms         | |  0.2

Action                   |  1- 3 |  4- 6 || total
-------------------------+-------+-------++-------
Melee: Dagger            |    27 |       ||    27
       Kick              |     7 |       ||     7
 Cast: Pain              |    69 |     7 ||    76
  Use: Potion            |       |     2 ||     2
  Eat: Chunk             |     5 |     1 ||     6
Armor: Robe              |     4 |       ||     4
       Skin              |       |     2 ||     2
Dodge: Dodged            |    28 |     7 ||    35
